 Dungeon Crawl Stone Soup version 0.20-a0-809-gaf7f668 (webtiles) character file.

211 Laphicet the Skirmisher (level 5, -1/42 HPs)
             Began as a Demonspawn Monk on Mar 2, 2017.
             Slain by an ogre
             ... wielding a +0 giant club
              (17 damage)
             ... on level 4 of the Dungeon.
             The game lasted 00:06:36 (4207 turns).

Laphicet the Skirmisher (Demonspawn Monk)           Turns: 4207, Time: 00:06:37

Health: -1/42      AC: 12    Str: 12    XL:     5   Next: 57%
Magic:  5/5        EV: 10    Int: 12    God:
Gold:   177        SH:  0    Dex: 15    Spells: 4/4 levels left

rFire    + + .     SeeInvis .     - Unarmed
rCold    . . .     Gourm    .   t - +0 scale mail
rNeg     . . .     Faith    .   (no shield)
rPois    +         Spirit   .   (no helmet)
rElec    .         Reflect  .   (no cloak)
rCorr    .         Harm     .   (no gloves)
MR       .....                  (no boots)
Stlth    +.........             (no amulet)
Regen    0.2/turn               c - ring of poison resistance
MPRegen  0.1/turn               n - ring of protection from fire (curse)

@: sanguine armour, very slightly contaminated, hasted, very quick
A: claws 1, fire resistance 1, spiny 1, sanguine armour 1
a: no special abilities


You were on level 4 of the Dungeon.
You were not hungry.

You visited 1 branch of the dungeon, and saw 4 of its levels.

You collected 177 gold pieces.

Inventory:

Armour
 k - a +0 chain mail
 t - a +0 scale mail (worn)
Jewellery
 c - a ring of poison resistance (right claw)
 n - a cursed ring of protection from fire (left claw)
 r - a cursed ring of teleportation {unknown}
Scrolls
 d - a scroll of random uselessness {unknown}
 e - a scroll of fog {unknown}
 g - a scroll of blinking {unknown}
 i - 3 scrolls of identify {unknown}
 j - a scroll of amnesia {unknown}
 m - a scroll of enchant weapon {unknown}
 p - 3 scrolls of teleportation {unknown}
 s - a scroll of magic mapping {unknown}
 u - 2 scrolls of remove curse {unknown}
Potions
 f - a potion of heal wounds
 h - a potion of brilliance
Comestibles
 b - 2 bread rations
 l - 2 chunks of flesh
 q - a royal jelly
 v - a meat ration


   Skills:
 + Level 4.2 Fighting
 + Level 0.0 Armour
 + Level 3.5 Dodging
 + Level 3.3 Stealth
 + Level 3.6 Unarmed Combat


You had 4 spell levels left.
You didn't know any spells.

Dungeon Overview and Level Annotations

Branches:
Dungeon (4/15)
 Temple: D:4-7

Altars:


Innate Abilities, Weirdness & Mutations

You have sharp fingernails.
Your flesh is heat resistant. (rF+)
You are partially covered in sharp spines.
When seriously injured, your bleeding wounds create armour. (AC +6)


Message History

It was a potion of haste.
You feel yourself speed up.
You are very lightly contaminated with residual magic.
You scratch the ogre.
The ogre is lightly wounded.
The ogre is struck by your spines. The ogre hits you with a giant club!!
Ouch! That really hurt!
Your blood congeals into armour.
A leopard gecko comes into view.
Your scale mail prevents you from hitting the ogre.
The ogre is moderately wounded.
The leopard gecko hisses angrily.
You closely miss the ogre.
The ogre is moderately wounded.
The ogre hits you with a giant club.
You scratch the ogre.
The ogre is moderately wounded.
You scratch the ogre.
The ogre is heavily wounded.
The ogre hits you with a giant club!
You die...

#.# #.# ...# #.# .# ...
#.# .# ..# #.######.# #l.
###.##...#.######..
..................# #
..........#.####Or#.#
...#.##.....# #@.#.#
#.##.##..#######..#.#
#.##.##.............#
#.##.###.#######....#
.....###.########.#.####
..##....<<...............
..######.#.#......#.#####
.[# #.#.########.# ..#
#.#.# #


You could see an ogre, a leopard gecko and a quokka.

Vanquished Creatures
  An orc priest (D:3)
  Ijyb (D:2)
  A hound skeleton (D:4)
  3 adders
  An ooze (D:1)
  3 worms
  2 dart slugs (D:1)
  3 leopard geckos
  16 orcs
  4 giant cockroaches
  4 goblins
  8 hobgoblins
  5 jackals
  A ball python (D:3)
  8 bats
  4 frilled lizards
  10 kobolds
  6 rats
81 creatures vanquished.

Notes
Turn   | Place    | Note
-------+----------+-------------------------------------------
     0 | D:1      | Laphicet the Demonspawn Monk began the quest for the Orb.
     0 | D:1      | Reached XP level 1. HP: 18/18 MP: 1/1
   202 | D:1      | Gained mutation: You have sharp fingernails. [demonic ancestry]
   202 | D:1      | Reached XP level 2. HP: 24/24 MP: 2/2
  1089 | D:2      | Gained mutation: Your flesh is heat resistant. (rF+) [demonic ancestry]
  1089 | D:2      | Reached XP level 3. HP: 19/29 MP: 3/3
  2334 | D:3      | Gained mutation: When seriously injured, your bleeding wounds create armour. (AC +6) [demonic ancestry]
  2334 | D:3      | Reached XP level 4. HP: 17/36 MP: 4/4
  2873 | D:3      | Noticed Ijyb
  3003 | D:3      | HP: 1/37 [Ijyb/wand of lightning (?/15) (17)]
  3023 | D:2      | Killed Ijyb
  3461 | D:3      | Reached skill level 4 in Fighting
  3461 | D:3      | Gained mutation: You are partially covered in sharp spines. [demonic ancestry]
  3461 | D:3      | Reached XP level 5. HP: 35/42 MP: 5/5
  4199 | D:4      | Noticed an ogre
  4207 | D:4      | Slain by an ogre

Vault maps used:
D:1:      dpeg_arrival_shrine, minmay_surrounded
D:3:      minivault_4, uniq_iyjb

Skill      XL: |  1  2  3  4 |
---------------+-------------+-----
Stealth        | 2 3 |  3.3
Unarmed Combat | 3 |  3.6
Dodging        | 3 |  3.5
Fighting       | 4 |  4.2

Action                   |  1- 3 |  4- 6 || total
-------------------------+-------+-------++-------
Melee: Unarmed           |   160 |   134 ||   294
       Punch             |     1 |     3 ||     4
  Use: Potion            |       |     5 ||     5
 Stab: Sleeping          |     5 |     2 ||     7
  Eat: Chunk             |     4 |     7 ||    11
Armor: Robe              |    21 |    24 ||    45
Dodge: Dodged            |    90 |    72 ||   162
